 Dungeon Crawl Stone Soup version 0.19.1 (webtiles) character file.

487 Firecrotchwizard the Skirmisher (level 7, 0/45 HPs)
             Began as a Gargoyle Fighter on Dec 12, 2016.
             Was an Initiate of Okawaru.
             Slain by a killer bee (1 damage)
             ... on level 4 of the Dungeon.
             The game lasted 00:10:44 (3168 turns).

Firecrotchwizard the Skirmisher (Gargoyle Fighter)  Turns: 3168, Time: 00:10:44

Health: 0/45       AC: 19    Str: 25    XL:     7   Next: 13%
Magic:  7/7        EV:  9    Int:  9    God:    Okawaru [......]
Gold:   169        SH: 10    Dex: 10    Spells: 0 memorised, 6 levels left

rFire  + . .     SeeInvis .     p - +1 mace (protect)
rCold  x . .     Gourm    .     x - +0 chain mail
rNeg   + . .     Faith    .     c - +0 shield
rPois  ∞         Spirit   .     r - +2 helmet
rElec  +         Reflect  .     (no cloak)
rCorr  .         Harm     .     w - +1 pair of gloves
MR     .....                    (no boots)
Stlth  ..........               (no amulet)
                                v - ring of fire
                                u - +3 ring of evasion

@: mighty
A: negative energy resistance 1, electricity resistance, unbreathing,
petrification resistance, rot immunity, AC +4
a: Renounce Religion


You were on level 4 of the Dungeon.
You worshipped Okawaru.
Okawaru was noncommittal.
You were not hungry.

You visited 1 branch of the dungeon, and saw 4 of its levels.

You collected 169 gold pieces.

Inventory:

Hand Weapons
 a - a +0 flail
 p - a +1 mace of protection (weapon)
Missiles
 l - 149 stones (quivered)
Armour
 b - a +0 scale mail
 c - a +0 shield (worn)
 r - a +2 helmet (worn)
 t - a +2 buckler
 w - a +1 pair of gloves (worn)
 x - a +0 chain mail (worn)
Jewellery
 u - a +3 ring of evasion (left hand)
 v - a ring of fire (right hand)
Wands
 s - a wand of polymorph (7/24)
Scrolls
 e - 3 scrolls of enchant weapon
 k - 2 scrolls of identify
 m - a scroll of remove curse
 o - 3 scrolls of immolation
Potions
 q - a potion of agility
Comestibles
 f - a bread ration
 i - a beef jerky


   Skills:
 * Level 5.6 Fighting
 * Level 4.5 Maces & Flails
 + Level 4.5 Armour
 + Level 4.5 Shields


You had 6 spell levels left.
You didn't know any spells.

Dungeon Overview and Level Annotations

Branches:
Dungeon (4/15)
 Temple: D:4-7

Altars:
Kikubaaqudgha
Okawaru
The Shining One


Innate Abilities, Weirdness & Mutations

You are resistant to torment.
Your stone body is resilient. (AC +4)
You are immune to poison.
You resist negative energy. (rN+)
You are resistant to electric shocks. (rElec)
You can survive without breathing.
You are immune to petrification.
You are immune to rotting.


Message History

The orc priest begins to cast a cantrip, but forgets the words!
The killer bee stings you.
* * * LOW HITPOINT WARNING * * *
The killer bee stings you.
* * * LOW HITPOINT WARNING * * *
You block the killer bee's attack. x3
You block the killer bee's attack. The killer bee stings you.
* * * LOW HITPOINT WARNING * * *
You block the killer bee's attack.
The killer bee stings you but does no damage.
You block the killer bee's attack. The killer bee closely misses you.
You block the killer bee's attack. The killer bee stings you.
* * * LOW HITPOINT WARNING * * *
The killer bee barely misses you.
The killer bee stings you but does no damage.
The killer bee stings you but does no damage. x2
The killer bee stings you.
* * * LOW HITPOINT WARNING * * *
The killer bee stings you.
You die...

........ ........ ...≈≈≈≈≈
...≈≈≈≈≈ .).≈≈≈≈≈ #####
'#########################...#
(.#.......#)...y.).).....#...#
.(#.....).)....y)))......#...#
..#########)..yy@))......##'##
..)#.....ooo..########......#
..o'..........# #......#
...#..........########......#
..#########..............##'##
..#.....)))..............#...#
..#.......#..............#...#
##########################...#
#####


You could see 4 killer bees, an orc priest and 2 orcs.

Vanquished Creatures
  The ghost of miniman03 the Skirmisher, an amateur CeWn (D:3)
  Jessica (D:3)
  An orc wizard (D:3)
  Ijyb (D:3)
  Natasha (thrice) (D:3)
  3 gnolls (D:4)
  2 adders
  An ooze (D:1)
  3 worms (D:2)
  4 dart slugs
  5 leopard geckos
  9 orcs (D:3)
  3 giant cockroaches
  20 goblins
  21 hobgoblins
  2 quokkas (D:2)
  2 ball pythons
  5 bats
  7 frilled lizards
  12 kobolds
  8 rats
114 creatures vanquished.

Notes
Turn   | Place    | Note
-------+----------+-------------------------------------------
     0 | D:1      | Firecrotchwizard the Gargoyle Fighter began the quest for the Orb.
     0 | D:1      | Reached XP level 1. HP: 14/14 MP: 1/1
    94 | D:1      | Reached XP level 2. HP: 19/19 MP: 2/2
   451 | D:1      | Reached XP level 3. HP: 24/24 MP: 3/3
  1160 | D:2      | Reached skill level 4 in Fighting
  1279 | D:2      | Reached XP level 4. HP: 29/29 MP: 4/4
  1403 | D:2      | Found a glowing golden altar of the Shining One.
  1770 | D:3      | Noticed miniman03's ghost (amateur CeWn)
  1836 | D:3      | Killed miniman03's ghost
  1836 | D:3      | Reached XP level 5. HP: 33/34 MP: 5/5
  1864 | D:3      | Noticed Natasha
  1883 | D:3      | Killed Natasha
  1883 | D:3      | Reached skill level 5 in Fighting
  1883 | D:3      | Reached XP level 6. HP: 31/40 MP: 6/6
  1935 | D:3      | Found an iron altar of Okawaru.
  1942 | D:3      | Noticed Natasha
  1948 | D:3      | Became a worshipper of Warmaster Okawaru
  1955 | D:3      | Killed Natasha
  2010 | D:3      | Noticed Ijyb
  2028 | D:3      | Killed Ijyb
  2041 | D:3      | Noticed Natasha
  2042 | D:3      | Found an ancient bone altar of Kikubaaqudgha.
  2049 | D:3      | Killed Natasha
  2608 | D:3      | Noticed Jessica
  2619 | D:3      | Killed Jessica
  2795 | D:4      | Reached XP level 7. HP: 42/44 MP: 7/7
  3168 | D:4      | HP: 1/45 [killer bee (3)]
  3168 | D:4      | Slain by a killer bee

Skill      XL: |  1  2  3  4  5  6 |
---------------+-------------------+-----
Fighting       | 4 5 |  5.6
Maces & Flails | 3 4 |  4.5
Armour         | 4 |  4.5
Shields        | 4 |  4.5

Action                   |  1- 3 |  4- 6 |  7- 9 || total
-------------------------+-------+-------+-------++-------
Melee: Flail             |    97 |       |       ||    97
       Mace              |    44 |   228 |    92 ||   364
       Unarmed           |       |    11 |       ||    11
  Use: Potion            |       |     1 |     1 ||     2
       Scroll            |       |     7 |       ||     7
  Eat: Chunk             |     1 |     4 |     2 ||     7
       Pizza             |       |     1 |       ||     1
Armor: Scale mail        |    68 |     5 |       ||    73
       Chain mail        |       |   139 |   174 ||   313
Dodge: Dodged            |    47 |    73 |   102 ||   222
Block: Shield            |    60 |   111 |   128 ||   299
